 Dungeon Crawl Stone Soup version 0.30-a0-210-g01b79a254e (webtiles) character file.

Game seed: 5963391541042707237

427 themarg the Trooper (level 6, 0/87 (90) HPs)
             Began as a Minotaur Berserker on Oct 4, 2022.
             Was a Priest of Trog.
             Slain by a wight
             ... wielding a +0 short sword
              (1 damage)
             ... on level 4 of the Dungeon.
             The game lasted 00:12:32 (3041 turns).

themarg the Trooper (Minotaur Berserker)            Turns: 3041, Time: 00:12:34

HP:   0/87 (90)     AC:  3    Str: 23    XL:     6   Next: 65%
MP:   5/5           EV: 12    Int:  4    God:    Trog [***...]
Gold: 111           SH:  0    Dex: 10    Spells: 5/5 levels left

rFire   . . .      SeeInvis .    a - +0 short sword
rCold   . . .      Faith    .    (no shield)
rNeg    . . .      Spirit   .    m - +0 leather armour
rPois   .          Reflect  .    (helmet restricted)
rElec   .          Harm     .    f - scarf {+Inv}
rCorr   .          Rampage  .    (no gloves)
Will    .....                    (no boots)
Stlth   ..........               (no amulet)
HPRegen 0.34/turn                (no ring)
MPRegen 0.09/turn                (no ring)

@: berserking, lightly drained, very quick
A: horns 2, retaliatory headbutt
a: Renounce Religion, Evoke Invisibility, Berserk, Trog's Hand


You were on level 4 of the Dungeon.
You worshipped Trog.
Trog was most pleased with you.
You visited 1 branch of the dungeon, and saw 4 of its levels.

You collected 111 gold pieces.

Inventory:

Hand Weapons
 a - a +0 short sword (weapon)
Missiles
 g - a throwing net (quivered)
 l - 7 poisoned darts
Armour
 f - a scarf of invisibility (worn)
 m - a +0 leather armour (worn)
 s - a +0 scale mail
Wands
 v - a wand of flame (6)
Scrolls
 b - a scroll of magic mapping {unknown}
 c - 2 scrolls of immolation {unknown}
 e - 5 scrolls of identify {unknown}
 j - a scroll of amnesia {unknown}
 k - a scroll of teleportation {unknown}
 n - a scroll of silence {unknown}
 o - a scroll of poison {unknown}
 p - a scroll of butterflies {unknown}
 q - a scroll of noise {unknown}
 r - a scroll of fear {unknown}
 t - a scroll of enchant armour {unknown}
 u - a scroll of vulnerability {unknown}
Potions
 d - 2 potions of curing {unknown}
 h - a potion of lignification {unknown}
 i - 2 potions of brilliance {unknown}
 w - a potion of flight {unknown}


   Skills:
 + Level 7.5 Fighting
 - Level 3.2 Short Blades
 - Level 3.5 Armour
 - Level 2.5 Dodging
 - Level 3.0 Stealth


You had 5 spell levels left.
You didn't know any spells.
Your spell library was empty.

Dungeon Overview and Level Annotations

Branches:
Dungeon (4/15)
 Temple: D:4-7

Altars:

Annotations:
D:2 exclusion: ogre


Innate Abilities, Weirdness & Mutations

You have a pair of horns on your head.
You reflexively headbutt those who attack you in melee.


Message History

You hit the orc wizard. Your headbutt misses the orc wizard.
The orc wizard is severely wounded.
The orc wizard closely misses you. You furiously retaliate!
You headbutt the orc wizard!
You kill the orc wizard!
Trog accepts your kill.
Trog appreciates your killing of a magic user.
A wight comes into view. It is wielding a +0 trident.
The wight barely misses you.
Your Fighting skill increases to level 7!
You hit the wight but do no damage.
The wight is lightly damaged.
You closely miss the wight.
The wight is lightly damaged.
A wight comes into view. It is wielding a +4 battleaxe.
The orc hits you with a +0 flail.
* * * LOW HITPOINT WARNING * * *
The wight misses you.
You closely miss the wight.
The wight is lightly damaged.
You hit the wight. You headbutt the wight.
The wight is heavily damaged.
The orc hits you with a +0 flail.
* * * LOW HITPOINT WARNING * * *
The wight hits you with a +3 falchion!
* * * LOW HITPOINT WARNING * * *
You barely miss the wight. You headbutt the wight!
You destroy the wight!
Trog accepts your kill.
Your life force feels restored.
You closely miss the orc. The wight misses you.
You hit the orc. Your headbutt misses the orc.
The orc is almost dead.
You barely miss the orc.
The orc is almost dead.
The orc barely misses you. The orc closely misses you.
The wight hits you with a +0 short sword!
* * * LOW HITPOINT WARNING * * *
You feel drained.
You die...

###.### #........#.# ......#
##...###.#.# #.....#.#
##.###.##.#.##########
#.......#.#.##
##.#............#
........#....# #......##..#...
......######.# ##.#..#.....#.#
........#....###.....#.#.....#
........#.##...z.###...#.o.###
......#.#
##..zz@###.#####z###.#
..#..##..
#...##oo)....#.......# .###.#
#...########.#o####### #.#.##
#...###### #..o# .#.##
#####.........###.###
###.###...........#.......#
.#..................).gz#.#
#.#####...<.......#.###.#.#
#.# #####....#### #..# #


You could see 3 wights and 2 orcs.

Vanquished Creatures
  2 wights (D:4)
  An orc priest (D:4)
  A jelly (D:4)
  Ijyb (D:3)
  3 orc wizards (D:4)
  5 adders
  3 gnolls (D:3)
  2 worms (D:2)
  5 dart slugs
  4 orcs
  5 endoplasms
  6 giant cockroaches
  12 goblins
  4 hobgoblins
  3 quokkas
  8 ball pythons
  6 bats
  A frilled lizard (D:2)
  5 kobolds
  6 rats
83 creatures vanquished.

Notes
Turn   | Place    | Note
-------+----------+-------------------------------------------
     0 | D:1      | themarg the Minotaur Berserker began the quest for the Orb.
     0 | D:1      | Reached XP level 1. HP: 19/19 MP: 0/0
   121 | D:1      | Reached XP level 2. HP: 17/27 MP: 1/1
   383 | D:1      | You fall into a shaft and drop 1 floor!
   410 | D:1      | Reached skill level 4 in Fighting
   527 | D:2      | Reached skill level 1 in Stealth
   605 | D:2      | Reached XP level 3. HP: 25/33 MP: 2/2
   654 | D:2      | Found a faded altar of an unknown god.
   677 | D:2      | Reached ** piety under Trog
  1151 | D:2      | Reached XP level 4. HP: 34/41 MP: 3/3
  1401 | D:2      | Noticed an ogre
  1857 | D:3      | Reached skill level 5 in Fighting
  2094 | D:3      | Noticed Ijyb
  2160 | D:3      | Killed Ijyb
  2161 | D:3      | Reached XP level 5. HP: 48/48 MP: 4/4
  2442 | D:4      | Reached *** piety under Trog
  2601 | D:4      | Reached skill level 6 in Fighting
  2615 | D:4      | Reached XP level 6. HP: 35/58 MP: 5/5
  3034 | D:4      | Reached skill level 7 in Fighting
  3041 | D:4      | HP: 1/90 [wight/+0 short sword (8)]
  3041 | D:4      | Slain by a wight

Illustrated notes

Levels and vault maps discovered:
D:1:      eino_arrival_tree_alley, layout_rooms
D:2:      layout_loops_cross, nicolae_ecumenical_snake_handling
D:3:      kennysheep_the_goblin_king, layout_loops_cross
D:4:      layout_loops_cross

Skill      XL: |  1  2  3  4  5  6 |
---------------+-------------------+-----
Fighting       | 4 5 6 7 |  7.5
Armour         | 3 |  3.5
Stealth        | 1 2 3 |  3.0
Short Blades   | |  3.2
Dodging        | |  2.5

Action                   |  1- 3 |  4- 6 || total
-------------------------+-------+-------++-------
Melee: Short sword       |   128 |   145 ||   273
       Headbutt          |    24 |    31 ||    55
       Punch             |     1 |     4 ||     5
Invok: Berserk           |       |     3 ||     3
 Stab: Sleeping          |     2 |     3 ||     5
Armor: Animal skin       |    14 |       ||    14
       Leather armour    |    13 |    20 ||    33
Dodge: Dodged            |    65 |    68 ||   133

Table legend: (Time is in decaauts)
 A = Elapsed time spent in this place.
 B = Non-inter-level travel time spent in this place.
 C = Inter-level travel time spent in this place.
 D = Time resting spent in this place.
 E = Time spent auto-exploring this place.
 F = Levels seen in this place.
 G = Mean time per level.
                   A        B        C        D        E       F      G
               +--------+--------+--------+--------+--------+-----+--------+
         Total |   3010 |   2980 |     30 |    725 |   1493 |   4 |  752.5 |
       Dungeon |   3010 |   2980 |     30 |    725 |   1493 |   4 |  752.5 |
               +--------+--------+--------+--------+--------+-----+--------+

Top non-repeatable levels by time:
     D:3: 937 daAuts
     D:2: 924 daAuts
     D:4: 666 daAuts
     D:1: 482 daAuts
